 Dungeon Crawl Stone Soup version 0.24-a0-530-g18ba70b503 (webtiles) character file.

Game seed: 7324194104202509281

2008292 Gynju the Slayer (level 27, 269/269 HPs)
             Began as a Minotaur Fighter on Aug 6, 2019.
             Was a High Priest of Zin.
             Escaped with the Orb
             ... and 4 runes on Aug 9, 2019!
             The game lasted 06:06:00 (95171 turns).

Gynju the Slayer (Minotaur Fighter)                Turns: 95171, Time: 06:06:01

Health: 269/269    AC: 44    Str: 39    XL:     27
Magic:  35/35      EV: 30    Int: 13    God:    Zin [*****.]
Gold:   6584       SH: 31    Dex: 18    Spells: 26/26 levels left

rFire    + + .     SeeInvis +   a - +9 sacred scourge (holy)
rCold    + + .     Gourm    .   u - +0 large shield "Riem" {Str+4 Stlth+}
rNeg     + . .     Faith    .   p - +11 plate armour of Words of Power {+Inv rN+ Int+2 Dex+4}
rPois    +         Spirit   .   j - +2 hat
rElec    +         Reflect  +   h - +1 cloak of Starlight {rElec rC+ EV+4 Stlth--}
rCorr    .         Harm     .   m - +2 pair of gloves {Dex+3}
MR       ++++.                  w - +0 pair of boots of Circular Logic {rF+ MR++}
Stlth    ..........             M - amulet "Roic" {Reflect Dex-4 Slay+3 SH+3 Stlth+}
HPRegen  0.54/turn              y - ring "Fouf" {rPois rC+ Str+2 Dex+4 SInv}
MPRegen  0.24/turn              Z - ring of the Monkey {rF+ Int+6 Slay+2}

@: no status effects
A: retaliatory headbutt, horns 2, camouflage 1
0: Orb of Zot
}: 4/15 runes: decaying, serpentine, slimy, silver
a: Recite, Vitalisation, Imprison, Sanctuary, Donate Gold, Renounce Religion,
Evoke Invisibility


You escaped.
You worshipped Zin.
Zin was extremely pleased with you.
You were not hungry.

You visited 11 branches of the dungeon, and saw 55 of its levels.
You visited 1 bazaar.
You also visited: Trove and Gauntlet.

You collected 11122 gold pieces.
You spent 4424 gold pieces at shops.
You donated 114 gold pieces to Zin.

Inventory:

Hand Weapons
 a - a +9 sacred scourge of holy wrath (weapon)
 b - the +7 hunting sling of Ylukho Buha {venom, +Inv +Fly rPois Str-4}
   (You took it off a spriggan defender on level 4 of the Depths)

   It poisons the ammo it fires.
   It affects your strength (-4).
   It protects you from poison.
   It lets you turn invisible.
   It lets you fly.
Missiles
 L - 297 sling bullets
 U - 20 silver javelins (quivered)
Armour
 h - the +1 cloak of Starlight (worn) {rElec rC+ EV+4 Stlth--}
   (You found it in a treasure trove)

   It affects your evasion (+4).
   It protects you from cold.
   It insulates you from electricity.
   It makes you much less stealthy.
 j - a +2 hat (worn)
 m - a +2 pair of gloves of dexterity (worn)
 p - the +11 plate armour of Words of Power (worn) {+Inv rN+ Int+2 Dex+4}
   (You found it in a treasure trove)

   It affects your intelligence (+2).
   It affects your dexterity (+4).
   It protects you from negative energy.
   It lets you turn invisible.
 u - the +0 large shield "Riem" (worn) {Str+4 Stlth+}
   (You found it in a treasure trove)

   It affects your strength (+4).
   It makes you more stealthy.
 w - the +0 pair of boots of Circular Logic (worn) {rF+ MR++}
   (You acquired it on level 2 of the Lair of Beasts)

   It protects you from fire.
   It affects your resistance to hostile enchantments.
Jewellery
 c - the ring of the Distant Future {rElec rC- MR+ rCorr}
   (You found it on level 5 of the Vaults)

   [ring of resist corrosion]

   It makes you vulnerable to cold.
   It insulates you from electricity.
   It affects your resistance to hostile enchantments.
   It provides partial protection from all sources of acid and corrosion.
 s - the ring "Waqukles" {+Inv rPois rC++ AC+3 Str-5}
   (You found it on level 5 of the Dungeon)

   [ring of protection]

   It affects your AC (+3).
   It affects your strength (-5).
   It greatly protects you from cold.
   It protects you from poison.
   It lets you turn invisible.
 y - the ring "Fouf" (left hand) {rPois rC+ Str+2 Dex+4 SInv}
   (You took it off an orc warrior on level 5 of the Depths)

   [ring of poison resistance]

   It affects your strength (+2).
   It affects your dexterity (+4).
   It protects you from cold.
   It protects you from poison.
   It lets you see invisible.
 C - the ring "Iraytunt" {*Corrode rN++ AC+4 Dex+2 SInv}
   (You found it on level 5 of the Depths)

   [ring of protection]

   It affects your AC (+4).
   It affects your dexterity (+2).
   It greatly protects you from negative energy.
   It lets you see invisible.
   It may corrode you when you take damage.
 M - the amulet "Roic" (around neck) {Reflect Dex-4 Slay+3 SH+3 Stlth+}
   (You found it on level 5 of the Pits of Slime)

   [amulet of reflection]

   It shields you and reflects attacks.
   It affects your dexterity (-4).
   It affects your accuracy and damage with ranged weapons and melee attacks
   (+3).
   It affects your SH (+3).
   It makes you more stealthy.
 T - the ring "Qibe" {rElec rF+ Int+4}
   (You found it in a Gauntlet)

   [ring of protection from fire]

   It affects your intelligence (+4).
   It protects you from fire.
   It insulates you from electricity.
 Z - the ring of the Monkey (right hand) {rF+ Int+6 Slay+2}
   (You took it off a deep elf demonologist on level 3 of the Elven Halls)

   [ring of protection from fire]

   It affects your intelligence (+6).
   It affects your accuracy and damage with ranged weapons and melee attacks
   (+2).
   It protects you from fire.
Wands
 q - a wand of digging (18)
 r - a wand of disintegration (15)
 A - a wand of paralysis (26)
 I - a wand of acid (75)
 P - a wand of enslavement (30)
 V - a wand of scattershot (10)
Scrolls
 g - 23 scrolls of remove curse
 i - 4 scrolls of magic mapping
 n - 4 scrolls of summoning
 o - 4 scrolls of silence
 v - a scroll of holy word
 B - 21 scrolls of teleportation
 D - 6 scrolls of fear
 H - a scroll of enchant armour
 J - 2 scrolls of enchant weapon
 K - a scroll of identify
 O - 8 scrolls of fog
 X - 9 scrolls of blinking
Potions
 d - 5 potions of resistance
 k - 7 potions of ambrosia
 l - 15 potions of curing
 x - 5 potions of heal wounds
 z - 3 potions of berserk rage
 F - 4 potions of agility
 N - 6 potions of invisibility
 Q - 2 potions of cancellation
 S - 2 potions of mutation
 W - 2 potions of haste
 Y - 7 potions of might
Miscellaneous
 e - 2 phantom mirrors
Comestibles
 f - 64 rations


   Skills:
 - Level 26.2 Fighting
   Level 4.9(10.3) Axes
 - Level 13.7(14.0) Maces & Flails
 - Level 14.0 Slings
 - Level 26.2 Armour
 - Level 22.4 Dodging
 - Level 24.0 Shields
 * Level 19.1 Invocations
 - Level 6.0 Evocations


You had 26 spell levels left.
You didn't know any spells.
Your spell library contained the following spells:

 Spells                   Type           Power        Failure   Level  Hunger
 Confusing Touch          Hex            #.....       63%         1    ##.....
 Corona                   Hex            #......      63%         1    ##.....
 Flame Tongue             Conj/Fire      #....        63%         1    ##.....
 Infusion                 Chrm           #...         63%         1    ##.....
 Sandblast                Erth           #.....       63%         1    ##.....
 Shock                    Conj/Air       #...         63%         1    ##.....
 Blink                    Tloc           N/A          77%         2    ###....
 Corpse Rot               Necr           N/A          77%         2    ###....
 Ensorcelled Hibernation  Hex/Ice        #.....       77%         2    ###....
 Passwall                 Tmut/Erth      #.......     77%         2    ###....
 Poisonous Vapours        Pois/Air       #.....       77%         2    ###....
 Shroud of Golubria       Chrm/Tloc      #.....       77%         2    ###....
 Song of Slaying          Chrm           #.......     77%         2    ###....
 Sublimation of Blood     Necr           #.........   77%         2    ###....
 Swiftness                Chrm/Air       #.......     77%         2    ###....
 Throw Flame              Conj/Fire      #.....       77%         2    ###....
 Confuse                  Hex            #.......     94%         3    ####...
 Conjure Flame            Conj/Fire      #.......     94%         3    ####...
 Gell's Gravitas          Tloc           #.........   94%         3    ####...
 Inner Flame              Hex/Fire       #.......     94%         3    ####...
 Lesser Beckoning         Tloc           #.........   94%         3    ####...
 Mephitic Cloud           Conj/Pois/Air  #.......     94%         3    ####...
 Recall                   Summ/Tloc      N/A          94%         3    ####...
 Regeneration             Chrm/Necr      #.........   94%         3    ####...
 Spectral Weapon          Hex/Chrm       #.......     94%         3    ####...
 Static Discharge         Conj/Air       #.......     94%         3    ####...
 Stone Arrow              Conj/Erth      #.....       94%         3    ####...
 Teleport Other           Tloc           #.......     94%         3    ####...
 Airstrike                Air            #.........   100%        4    #####..
 Cause Fear               Hex            #.........   100%        4    #####..
 Force Lance              Conj/Tloc      #.......     100%        4    #####..
 Leda's Liquefaction      Hex/Erth       #.........   100%        4    #####..
 Petrify                  Tmut/Erth      #.......     100%        4    #####..
 Sticky Flame             Conj/Fire      #.......     100%        4    #####..
 Agony                    Necr           #.......     100%        5    ######.
 Aura of Abjuration       Summ           #.........   100%        5    ######.
 Bolt of Draining         Conj/Necr      #.........   100%        5    ######.
 Bolt of Magma            Conj/Fire/Erth #.........   100%        5    ######.
 Dispel Undead            Necr           #.......     100%        5    ######.
 Excruciating Wounds      Chrm/Necr      #.........   100%        5    ######.
 Fireball                 Conj/Fire      #.........   100%        5    ######.
 Iskenderun's Battlesphe  Conj/Chrm      #.......     100%        5    ######.
 Lee's Rapid Deconstruct  Erth           #.........   100%        5    ######.
 Lightning Bolt           Conj/Air       #.........   100%        5    ######.
 Metabolic Englaciation   Hex/Ice        #.........   100%        5    ######.
 Silence                  Hex/Air        #.........   100%        5    ######.
 Summon Demon             Summ           #.........   100%        5    ######.
 Summon Forest            Summ/Tloc      #.........   100%        5    ######.
 Summon Mana Viper        Hex/Summ       #.......     100%        5    ######.
 Venom Bolt               Conj/Pois      #.........   100%        5    ######.
 Yara's Violent Unravell  Hex/Tmut       #.........   100%        5    ######.
 Bolt of Fire             Conj/Fire      #.........   100%        6    #######
 Darkness                 Hex            #.........   100%        6    #######
 Deflect Missiles         Chrm/Air       #.........   100%        6    #######
 Freezing Cloud           Conj/Ice/Air   #.........   100%        6    #######
 Hydra Form               Tmut           #.........   100%        6    #######
 Invisibility             Hex            #.......     100%        6    #######
 Iron Shot                Conj/Erth      #.........   100%        6    #######
 Shadow Creatures         Summ           N/A          100%        6    #######
 Dragon Form              Tmut           #.........   100%        7    #######
 Malign Gateway           Summ/Tloc      #.........   100%        7    #######
 Monstrous Menagerie      Summ           #.........   100%        7    #######
 Orb of Destruction       Conj           #.........   100%        7    #######
 Ring of Flames           Chrm/Fire      #.........   100%        7    #######
 Spellforged Servitor     Conj/Summ      #.........   100%        7    #######
 Summon Greater Demon     Summ           #.........   100%        7    #######
 Summon Hydra             Summ           #.........   100%        7    #######
 Discord                  Hex            #.........   100%        8    #######
 Summon Horrible Things   Summ           #.........   100%        8    #######
 Dragon's Call            Summ           #.........   100%        9    #######
 Passage of Golubria      Tloc           Unusable     N/A         4    N/A

Dungeon Overview and Level Annotations

Branches:
Dungeon (15/15)            Temple (1/1) D:5            Lair (6/6) D:9
  Swamp (4/4) Lair:2        Snake (4/4) Lair:4        Slime (5/5) Lair:5
    Orc (2/2) D:12            Elf (3/3) Orc:2        Vaults (5/5) D:14
  Crypt (0/3) Vaults:3     Depths (5/5) D:15            Zot (5/5) Depths:5

Altars:
Ashenzari
Cheibriados
Dithmenos
Elyvilon
Fedhas
Gozag
Hepliaklqana
Kikubaaqudgha
Makhleb
Nemelex Xobeh
Okawaru
Qazlal
Ru
Sif Muna
Trog
Uskayaw
Vehumet
Wu Jian
Xom
Yredelemnul
Zin
The Shining One
Jiyva

Shops:
D:8 ?   D:12 [   Orc:2 ([*=   Snake:2 (?*   Snake:4 }}=[   Vaults:4 %
Vaults:5 ?%?!?(%??   Depths:5 :

Portals:
Hell: Depths:1 Depths:2 Depths:3 Depths:4 Depths:5
Abyss: Depths:1 Depths:4 Depths:5
Pandemonium: Depths:3 Depths:5
Ziggurat: Depths:4

Annotations:
Lair:1 exclusion: oklob plant
Swamp:1 exclusion: Roxanne, Roxanne
Depths:3 2 transporters, Leposok's ghost, adept DDFi


Innate Abilities, Weirdness & Mutations

You reflexively headbutt those who attack you in melee.
You have a pair of horns on your head.
Your skin changes colour to match your surroundings (Stealth+).


Message History

A mysterious force pulls you upwards. The hatch slams shut behind you.
Evoke which item? (* to show all) (? for menu, Esc to quit)
Aiming: Dig
Press: ? - help, Shift-Dir - straight line This square is covered in magical glow.
The rock shatters into small pieces.
Evoke which item? (* to show all) (? for menu, Esc to quit)
Aiming: Dig
Press: ? - help, Shift-Dir - straight line A rock wall.
This square is covered in magical glow.
The rock shatters into small pieces.
Evoke which item? (* to show all) (? for menu, Esc to quit)
Aiming: Dig
Press: ? - help, Shift-Dir - straight line This square is covered in magical glow.
The rock shatters into small pieces.
There is a staircase leading out of the dungeon here.
You can't go down here!
You have escaped!

#.#....#)###
##.#.8....#.#
##......#..#.#
#....)####.'.#
#.......#..#.#
#.#.#.8....#.#
#.#.#....#'###
#.#.##...#...#
#.#........@.#
######.##.#########
.......#.##
.######.##
######.#####
...........#
######.###.### #
#.# #...# #
#.#####.#


There were no monsters in sight!

Vanquished Creatures
  the Royal Jelly (Slime:5)
  5 orbs of fire
  7 ancient liches (Zot:5)
  4 Killer Klowns (Zot:5)
  Vashnia (Snake:2)
  Bai Suzhen (Swamp:4)
  Saint Roka (Depths:4)
  14 golden dragons
  3 electric golems
  Jorgrun (Swamp:1)
  4 liches
  21 tentacled monstrosities
  27 Orb Guardians
  3 deep elf blademasters
  4 titans
  8 quicksilver dragons
  2 deep elf master archers (Elf:3)
  16 acid blobs
  4 thorn hunters
  3 death cobs
  3 sphinxes
  10 shadow dragons
  Frances (Elf:1)
  Kirke (Snake:2)
  8 tengu reavers
  14 draconian monks
  6 nagarajas (Snake:4)
  16 storm dragons
  Agnes (Snake:1)
  9 azure jellies
  A ghost moth (Zot:3)
  9 frost giants
  8 fire giants
  2 iron dragons (Depths:5)
  Aizul (Snake:1)
  24 vault wardens
  4 draconian scorchers
  6 draconian knights
  7 deep elf sorcerers
  2 draconian shifters
  6 draconian annihilators
  6 deep elf elementalists
  3 draconian stormcallers
  6 orc warlords
  A reaper (D:8)
  15 ironheart preservers
  2 spriggan defenders (Depths:4)
  26 stone giants
  2 entropy weavers
  6 vampire knights
  13 deep elf demonologists
  22 very ugly things
  3 green draconians
  6 white draconians
  8 purple draconians
  10 red draconians
  8 black draconians
  A minotaur (Gauntlet)
  3 spark wasps
  4 yellow draconians
  11 deep elf annihilators
  2 green deaths (Swamp:4)
  Snorg (D:14)
  14 yaktaur captains
  12 ettins
  16 great orbs of eyes
  7 deep elf death magi
  15 death oozes
  Josephine (Lair:4)
  A merfolk impaler (Depths:4)
  5 fire dragons
  23 hydras
  6 deep elf high priests
  32 vault guards
  4 rakshasas
  11 naga warriors
  3 monstrous demonspawn (Zot:5)
  18 ice dragons
  3 ghost crabs
  8 anacondas
  A merfolk avatar (Lair:6)
  2 hell beasts
  3 catoblepae
  12 centaur warriors
  2 death knights (Vaults:4)
  Erica (D:8)
  3 shambling mangroves
  40 two-headed ogres
  5 spriggan air magi
  A merfolk aquamancer (Depths:5)
  7 alligators
  14 death yaks
  5 deep troll shamans
  7 tengu warriors
  9 deep troll earth magi
  3 thrashing horrors (Swamp:4)
  4 orc high priests
  18 ogre magi
  30 dancing weapons
  13 naga sharpshooters
  7 shock serpents
  5 spriggan berserkers
  2 vampire magi
  2 small abominations
  Nergalle (Lair:4)
  6 hell knights
  34 deep elf knights
  A sixfirhy (Depths:3)
  2 salamander mystics
  9 skeletal warriors
  A storm dragon skeleton (Vaults:3)
  A shadow wraith (Vaults:1)
  A flayed ghost (Depths:5)
  4 unseen horrors
  A spriggan druid (Swamp:4)
  14 deep trolls
  2 deep trolls (shapeshifter) (Vaults:5)
  9 naga ritualists
  7 glowing orange brains
  Pikel (D:7)
  A swamp dragon (shapeshifter) (Vaults:5)
  4 wizards
  An orange crystal statue (Zot:5)
  9 swamp dragons
  23 ironbrand convokers
  9 harpies
  3 necromancers
  20 orc knights
  6 mana vipers (Snake:3)
  A sphinx skeleton (D:15)
  34 deep elf archers
  A human zombie (Vaults:3)
  4 wolf spiders
  An orb spider (shapeshifter) (Depths:2)
  A manticore (shapeshifter) (Vaults:5)
  6 cyclopes
  41 ugly things
  5 phantasmal warriors
  A manticore (Lair:6)
  9 shining eyes
  91 deep elf magi
  14 orc sorcerers
  5 salamanders
  3 tengu skeletons (Vaults:3)
  3 salamanders (shapeshifter)
  A moth of wrath (shapeshifter) (Vaults:5)
  22 moths of wrath
  13 elephants
  A stone giant zombie (D:15)
  A spriggan zombie (D:15)
  19 vault sentinels
  5 guardian serpents
  26 black mambas
  A fire giant skeleton (Vaults:3)
  25 naga magi
  An ice statue (Lair:4)
  4 centaur zombies
  Joseph (D:7)
  3 orange demons
  A spiny frog (shapeshifter) (Depths:5)
  2 gargoyles
  2 eyes of devastation (Slime:3)
  Psyche (D:8)
  19 spiny frogs
  7 centaur skeletons
  3 kobold demonologists
  A yaktaur zombie (D:15)
  4 human skeletons (Vaults:3)
  2 efreet
  11 rime drakes
  12 freezing wraiths
  7 komodo dragons
  49 yaktaurs
  A queen bee (D:11)
  3 tengu conjurers
  A wind drake (shapeshifter) (Vaults:1)
  A merfolk (D:10)
  2 yaktaur skeletons (Vaults:3)
  5 polar bears
  7 trolls
  A jumping spider (D:14)
  14 hornets
  6 tyrant leeches
  3 wind drakes (Lair:6)
  A meliai (shapeshifter) (Vaults:2)
  10 bog bodies
  Grinder (D:4)
  19 hippogriffs
  A large abomination (D:4)
  A slime creature (shapeshifter) (Vaults:5)
  22 blink frogs
  83 slime creatures
  2 human simulacra (Vaults:3)
  4 air elementals
  11 redbacks
  2 spriggans (Depths:3)
  An ettin skeleton (Vaults:3)
  Sigmund (D:2)
  A redback (shapeshifter) (Depths:5)
  9 shadows
  A tarantella (shapeshifter) (Depths:1)
  7 water elementals
  A yak (shapeshifter) (Vaults:3)
  3 hogs (Snake:2)
  A vampire (D:14)
  A wyvern (shapeshifter) (Depths:3)
  43 yaks
  3 fire elementals
  3 golden eyes (Slime:3)
  9 wraiths
  23 vampire mosquitoes
  7 basilisks
  13 wyverns
  13 wargs
  2 hungry ghosts
  Edmund (D:5)
  23 swamp worms
  13 insubstantial wisps
  A swamp worm (shapeshifter) (Elf:2)
  2 soldier ants
  52 nagas
  5 hell hounds
  A naga (shapeshifter) (Vaults:3)
  8 porcupines
  15 water moccasins
  2 floating eyes (Depths:5)
  3 black bears
  2 eyes of draining (shapeshifter)
  2 necrophages
  78 orc warriors
  3 slaves (D:7)
  7 swamp drakes
  5 sky beasts
  7 eyes of draining
  46 ogres
  4 phantoms
  9 ice beasts
  16 boggarts
  7 wolves
  19 crocodiles
  18 centaurs
  A crocodile (shapeshifter) (Elf:2)
  14 bullfrogs
  8 big kobolds
  3 earth elementals (Elf:2)
  2 wyvern zombies
  A wyvern skeleton (D:10)
  2 scorpions
  25 killer bees
  3 wights
  3 electric eels
  6 howler monkeys
  2 bullfrog zombies
  11 crimson imps
  A quasit (Depths:3)
  37 orc priests
  3 jellies
  4 hounds
  40 orc wizards
  A bullfrog skeleton (D:12)
  A gnoll shaman (D:4)
  3 iguanas
  11 worker ants
  Terence (D:1)
  3 hound zombies
  A hound skeleton (D:11)
  A howler monkey zombie (D:6)
  A worker ant zombie (D:5)
  Robin (D:2)
  6 gnolls
  13 adders
  A howler monkey skeleton (D:5)
  3 shadow imps
  2 white imps
  An ooze (D:3)
  3 worms
  A dart slug (D:1)
  7 leopard geckos
  173 orcs
  2 ball pythons (D:1)
  5 giant cockroaches
  14 goblins
  10 hobgoblins
  2 jackals (D:6)
  18 kobolds
  6 bats
  6 frilled lizards
  4 rats
  6 demonic plants (Gauntlet)
  A plant (Lair:6)
2603 creatures vanquished.

Vanquished Creatures (collateral kills)
  Mara (Snake:4)
  Rupert (D:13)
  Asterion (Snake:2)
  2 sphinxes (D:12)
  A nagaraja (Snake:4)
  A naga warrior (Snake:4)
  A two-headed ogre (D:12)
  A deep troll earth mage (D:12)
  A naga sharpshooter (Snake:4)
  A phantasmal warrior (D:12)
  An orc knight (D:12)
  3 naga magi
  A gargoyle (D:12)
  A troll (D:12)
  A tyrant leech (Swamp:4)
  4 yaks (D:13)
  A hungry ghost (D:12)
  3 vampire mosquitoes (D:13)
  A naga (Snake:4)
  A bullfrog (D:12)
  A bullfrog skeleton (D:13)
  An orc wizard (D:13)
  3 kobolds (D:13)
33 creatures vanquished.

Vanquished Creatures (others)
  Nikola (Swamp:1)
  A fire giant (Depths:5)
  2 stone giants
  A purple draconian (Zot:4)
  3 yaktaur captains
  A great orb of eyes (Depths:1)
  A naga warrior (Snake:4)
  4 naga sharpshooters
  A glowing orange brain (shapeshifter) (Vaults:4)
  A deep elf archer (Elf:1)
  An orc sorcerer (Vaults:4)
  2 deep elf magi
  2 cyclopes
  A naga mage (Snake:2)
  A vault sentinel (Vaults:1)
  14 yaktaurs
  A tyrant leech (Swamp:4)
  An insubstantial wisp (Swamp:2)
  2 orc warriors (Orc:2)
  A slave (D:7)
  A centaur (D:14)
  An orc (Depths:5)
  A briar patch (Swamp:4)
  A bush (Depths:4)
  8 demonic plants (Gauntlet)
  18 fungi
  35 plants
  5 toadstools (D:5)
112 creatures vanquished.

Grand Total: 2748 creatures vanquished

Notes
Turn   | Place    | Note
-------+----------+-------------------------------------------
     0 | D:1      | Gynju the Minotaur Fighter began the quest for the Orb.
     0 | D:1      | Reached XP level 1. HP: 19/19 MP: 0/0
   115 | D:1      | Reached XP level 2. HP: 22/26 MP: 1/1
   686 | D:2      | Noticed Robin
   687 | D:2      | Noticed Terence
   861 | D:1      | HP: 1/26 [goblin/+0 dagger[Robin] (4)]
   863 | D:1      | Killed Terence
   863 | D:1      | Reached XP level 3. HP: 1/31 MP: 2/2
  1221 | D:1      | Reached skill level 1 in Maces & Flails
  1358 | D:2      | Killed Robin
  1358 | D:2      | Reached XP level 4. HP: 38/39 MP: 3/3
  1541 | D:2      | Noticed Sigmund
  1559 | D:2      | Killed Sigmund
  1559 | D:2      | Reached skill level 5 in Maces & Flails
  1559 | D:2      | Reached XP level 5. HP: 32/45 MP: 4/4
  2418 | D:2      | Reached XP level 6. HP: 38/51 MP: 5/5
  3018 | D:3      | Found a shadowy altar of Dithmenos.
  3324 | D:4      | Found a radiant altar of Vehumet.
  3757 | D:4      | Found a white marble altar of Elyvilon.
  4077 | D:5      | Entered Level 5 of the Dungeon
  4200 | D:5      | Noticed Grinder
  4207 | D:5      | Paralysed by Grinder for 4 turns
  4252 | D:4      | Reached XP level 7. HP: 21/57 MP: 6/6
  4473 | D:4      | Killed Grinder
  4936 | D:5      | Got a heavily runed turquoise ring
  5078 | D:5      | Reached skill level 10 in Maces & Flails
  5132 | D:5      | Reached XP level 8. HP: 39/64 MP: 7/7
  5439 | D:5      | Noticed Edmund
  5448 | D:5      | Killed Edmund
  5595 | D:5      | Found a staircase to the Ecumenical Temple.
  5647 | Temple   | Entered the Ecumenical Temple
  5695 | Temple   | Became a worshipper of the Shining One
  6162 | D:6      | Reached skill level 1 in Invocations
  6866 | D:6      | Reached XP level 9. HP: 65/71 MP: 9/9
  6900 | D:6      | Found a hazy altar of Hepliaklqana.
  7483 | D:6      | Found a sacrificial altar of Ru.
  7519 | D:6      | Identified the ring "Waqukles" {+Inv rPois rC++ AC+3 Str-5}
                  | (You found it on level 5 of the Dungeon)
  7535 | D:7      | Noticed Pikel
  7549 | D:7      | Killed Pikel
  7549 | D:7      | Reached skill level 5 in Fighting
  7549 | D:7      | Reached skill level 5 in Armour
  7549 | D:7      | Reached skill level 5 in Shields
  7573 | D:7      | Found an ornate altar of the Wu Jian Council.
  7691 | D:7      | Reached * piety under the Shining One
  8356 | D:7      | Noticed Joseph
  8375 | D:7      | Killed Joseph
  8375 | D:7      | Reached XP level 10. HP: 64/83 MP: 12/12
  8913 | D:8      | Found Ocideheh's Magic Scroll Shoppe.
  9285 | D:8      | Noticed Erica
  9296 | D:8      | Killed Erica
  9615 | D:9      | Reached skill level 5 in Invocations
  9726 | D:9      | Noticed Psyche
  9742 | D:8      | Killed Psyche
  9815 | D:9      | Reached ** piety under the Shining One
  9826 | D:8      | Reached skill level 1 in Dodging
  9884 | D:9      | Noticed a two-headed ogre
  9907 | D:9      | Killed a two-headed ogre
  9912 | D:8      | Reached XP level 11. HP: 58/93 MP: 14/14
 10222 | D:9      | Found a staircase to the Lair.
 10413 | D:9      | Found an opulent altar of Gozag.
 10417 | D:9      | Found a hazy altar of Hepliaklqana.
 10468 | D:9      | Found an iron altar of Okawaru.
 11131 | Lair:1   | Entered Level 1 of the Lair of Beasts
 11131 | Lair:1   | Noticed a five-headed hydra
 11223 | Lair:1   | Killed a five-headed hydra
 11639 | Lair:1   | Noticed an oklob plant
 13524 | Lair:2   | Found a staircase to the Swamp.
 13944 | Lair:2   | Reached XP level 12. HP: 106/106 MP: 15/15
 14400 | Lair:3   | Reached skill level 10 in Shields
 14425 | Lair:3   | Reached skill level 10 in Fighting
 14425 | Lair:3   | Reached skill level 10 in Armour
 14642 | Lair:3   | Noticed a death yak
 14642 | Lair:3   | Noticed a death yak
 14642 | Lair:3   | Noticed a death yak
 14642 | Lair:3   | Noticed a death yak
 14642 | Lair:3   | Noticed a death yak
 14696 | Lair:2   | Killed a death yak
 14826 | Lair:3   | Noticed a death yak
 14838 | Lair:3   | Killed a death yak
 14845 | Lair:3   | Killed a death yak
 15058 | Lair:2   | Killed a death yak
 15058 | Lair:2   | Reached skill level 5 in Dodging
 15097 | Lair:2   | Killed a death yak
 15118 | Lair:3   | Killed a death yak
 15210 | Lair:3   | Found a deep blue altar of Sif Muna.
 15633 | Lair:4   | Noticed an ice dragon
 15748 | Lair:3   | Killed an ice dragon
 15946 | Lair:4   | Found a staircase to the Snake Pit.
 16055 | Lair:4   | Noticed Nergalle
 16076 | Lair:4   | Killed Nergalle
 16076 | Lair:4   | Reached *** piety under the Shining One
 16097 | Lair:4   | Noticed a six-headed hydra
 16107 | Lair:4   | Killed a six-headed hydra
 16107 | Lair:4   | Reached XP level 13. HP: 101/116 MP: 14/17
 16143 | Lair:4   | Got a pitted leather armour
 16183 | Lair:4   | Identified the +3 leather armour "Baohu" {rPois SInv} (You
                  | found it on level 4 of the Lair of Beasts)
 16691 | Lair:4   | Noticed Josephine
 16710 | Lair:4   | Killed Josephine
 16782 | Lair:5   | Found a gate leading to a gauntlet.
 16791 | Gauntlet | Entered a Gauntlet
 16791 | Gauntlet | Found a transporter.
 16791 | Gauntlet | Found a transporter.
 16795 | Gauntlet | Found a transporter.
 16795 | Gauntlet | Found a transporter.
 16804 | Gauntlet | Found a transporter.
 16824 | Gauntlet | Noticed a reaper
 16829 | Gauntlet | Found a transporter.
 16833 | Gauntlet | Found a transporter.
 16833 | Gauntlet | Found a transporter.
 16837 | Gauntlet | Found a transporter.
 16843 | Gauntlet | Found a transporter.
 16849 | Gauntlet | Found a transporter.
 16897 | Gauntlet | Found a transporter.
 16919 | Gauntlet | Noticed a death ooze
 16930 | Gauntlet | Found a transporter.
 16932 | Gauntlet | Found a large runed translucent door.
 16932 | Gauntlet | Found a large runed translucent door.
 16933 | Gauntlet | Found a large runed translucent door.
 16933 | Gauntlet | Found a large runed translucent door.
 16934 | Gauntlet | Found a large runed translucent door.
 16934 | Gauntlet | Found a runed translucent door.
 16934 | Gauntlet | Found a large runed translucent door.
 16934 | Gauntlet | Found a runed translucent door.
 16934 | Gauntlet | Found a large runed translucent door.
 16934 | Gauntlet | Found a large runed translucent door.
 16935 | Gauntlet | Found a large runed translucent door.
 16935 | Gauntlet | Found a large runed translucent door.
 16938 | Gauntlet | Found a large runed translucent door.
 16938 | Gauntlet | Found a large runed translucent door.
 16940 | Gauntlet | Found a large runed translucent door.
 16940 | Gauntlet | Found a large runed translucent door.
 16940 | Gauntlet | Found a large runed translucent door.
 16942 | Gauntlet | Found a runed translucent gate.
 16942 | Gauntlet | Found a runed translucent gate.
 16942 | Gauntlet | Found a runed translucent gate.
 16944 | Gauntlet | Found a transporter.
 16955 | Gauntlet | Found a large runed translucent door.
 17045 | Gauntlet | Found a transporter.
 17058 | Gauntlet | Noticed a dire elephant
 17059 | Gauntlet | Found a transporter.
 17205 | Gauntlet | Killed a death ooze
 17256 | Gauntlet | Reached **** piety under the Shining One
 17337 | Gauntlet | Got a slimy steel ring
 17354 | Gauntlet | Identified the ring "Qibe" {rElec rF+ Int+4} (You found it
                  | in a Gauntlet)
 17373 | Gauntlet | Identified the cursed +0 war axe "Ruydd" {freeze, +Inv
                  | Int+2}
 17373 | Gauntlet | Identified the cursed +1 plate armour of Udefed {rN+ MP+9}
 17373 | Gauntlet | Noticed a minotaur
 17404 | Gauntlet | Killed a minotaur
 19141 | Lair:5   | Found a viscous altar of Jiyva.
 19141 | Lair:5   | Found a staircase to the Slime Pits.
 19375 | Lair:6   | Entered Level 6 of the Lair of Beasts
 20165 | Lair:6   | Reached XP level 14. HP: 119/127 MP: 19/19
 21828 | D:10     | Entered Level 10 of the Dungeon
 22008 | D:10     | Reached ***** piety under the Shining One
 23526 | D:12     | Found a staircase to the Orcish Mines.
 23527 | D:12     | Found Aphuq's Armour Shoppe.
 24652 | D:12     | Noticed a storm dragon
 24662 | D:12     | Killed a storm dragon
 24667 | D:12     | Noticed a sphinx
 24674 | D:12     | Killed a sphinx
 24674 | D:12     | Reached XP level 15. HP: 83/139 MP: 20/21
 24699 | D:12     | Noticed a sphinx
 24711 | D:12     | Killed a sphinx
 25265 | D:12     | Identified a scroll of acquirement
 25533 | D:13     | Identified the +8 great sword "Kimost" {venom, +Fly}
 25708 | D:13     | Noticed Rupert
 25731 | D:13     | Killed Rupert
 26613 | D:14     | Reached skill level 15 in Fighting
 26742 | D:14     | Reached skill level 15 in Shields
 26753 | D:14     | Reached ****** piety under the Shining One
 26767 | D:14     | Reached skill level 15 in Armour
 26816 | D:14     | Reached skill level 10 in Invocations
 27045 | D:14     | Found a gate to the Vaults.
 27121 | D:14     | Identified the +5 plate armour "Osyc" {rPois rF+ Str+3}
                  | (You found it on level 14 of the Dungeon)
 27307 | D:14     | Noticed Snorg
 27314 | D:14     | Killed Snorg
 27591 | D:14     | Found a glowing golden altar of the Shining One.
 27761 | D:15     | Entered Level 15 of the Dungeon
 28173 | D:15     | Found a staircase to the Depths.
 28451 | D:15     | Reached XP level 16. HP: 151/151 MP: 22/22
 28759 | Orc:1    | Entered Level 1 of the Orcish Mines
 28881 | Orc:1    | Paralysed by an orc sorcerer for 2 turns
 29065 | Orc:2    | Entered Level 2 of the Orcish Mines
 29065 | Orc:2    | Found a staircase to the Elven Halls.
 29527 | Orc:1    | Reached skill level 10 in Dodging
 30145 | Orc:2    | Found a bloodstained altar of Trog.
 30336 | Orc:2    | Paralysed by an orc sorcerer for 4 turns
 30810 | Orc:2    | Found Nypemm's Antique Armour Emporium.
 30811 | Orc:2    | Found Sooh's Antique Weapon Emporium.
 30812 | Orc:2    | Found Hawidep's General Store.
 30812 | Orc:2    | Found Xatof's Jewellery Shoppe.
 30828 | Orc:2    | Bought a glowing shield for 270 gold pieces
 30986 | Orc:1    | Paralysed by an orc sorcerer for 6 turns
 31116 | Orc:1    | Paralysed by an orc sorcerer for 3 turns
 31436 | Orc:2    | Gained mutation: Your spells are a little easier to cast,
                  | but a little less powerful. [a neqoxec]
 32898 | Lair:2   | Got a pair of dazzling boots
 32909 | Lair:2   | Identified the +0 pair of boots of Circular Logic {rF+
                  | MR++} (You acquired it on level 2 of the Lair of Beasts)
 32911 | Swamp:1  | Entered Level 1 of the Swamp
 32996 | Swamp:1  | Noticed Jorgrun
 33006 | Swamp:1  | Killed Jorgrun
 33153 | Swamp:1  | Identified Roxanne's Collected Works on Clay
 33153 | Swamp:1  | Noticed Roxanne
 33308 | Swamp:1  | Noticed a thorn hunter
 33325 | Swamp:1  | Killed a thorn hunter
 33396 | Swamp:1  | Noticed Nikola
 33475 | Snake:1  | Entered Level 1 of the Snake Pit
 34169 | Snake:1  | Noticed Agnes
 34176 | Snake:1  | Killed Agnes
 34797 | Snake:1  | Noticed Aizul
 34823 | Snake:1  | Killed Aizul
 35479 | Snake:2  | Noticed Asterion
 35490 | Snake:2  | Killed Asterion
 35654 | Snake:2  | Reached XP level 17. HP: 138/161 MP: 24/24
 35873 | Snake:2  | Found Gyjar's Magic Scroll Boutique.
 35875 | Snake:2  | Found Wegeomurph's Antique Weapon Shop.
 36065 | Snake:2  | Noticed Vashnia
 36398 | Snake:2  | Found Pog Luv's Assorted Antiques.
 36423 | Snake:2  | Bought a runed cloak for 270 gold pieces
 36592 | Snake:1  | Upgraded the game from 0.24-a0-528-g98e85ec62a to
                  | 0.24-a0-530-g18ba70b503
 37564 | Snake:2  | Found Pog Luv's Assorted Antiques.
 37613 | Snake:2  | Found Wegeomurph's Antique Weapon Shop.
 37618 | Snake:2  | Found Gyjar's Magic Scroll Boutique.
 38143 | Snake:2  | Killed Vashnia
 38283 | Snake:3  | Got a heavy robe
 38378 | Snake:3  | Noticed Kirke
 38428 | Snake:2  | Killed Kirke
 38514 | Snake:3  | Reached skill level 1 in Evocations
 39243 | Snake:4  | Entered Level 4 of the Snake Pit
 39313 | Snake:4  | Found Ynoihel's Antique Armour Boutique.
 40661 | Snake:4  | Found Rohyirph's Jewellery Shoppe.
 40662 | Snake:4  | Found Natihud's Gadget Boutique.
 40662 | Snake:4  | Found Giwo's Gadget Boutique.
 40789 | Snake:4  | Noticed Mara
 40795 | Snake:4  | Noticed Gynju's illusion
 40815 | Snake:4  | Killed Mara
 42839 | Snake:4  | Reached XP level 18. HP: 171/172 MP: 26/26
 43069 | Snake:4  | Got a serpentine rune of Zot
 44266 | Swamp:1  | Killed Nikola
 44940 | Swamp:2  | Reached skill level 5 in Evocations
 45353 | Swamp:2  | You fall into a shaft and drop 1 floor!
 45411 | Swamp:3  | Identified a +2 sacred scourge of holy wrath (a +0 demon
                  | whip of venom blessed by the Shining One)
 45411 | Swamp:3  | Received a gift from the Shining One
 46641 | Swamp:4  | Entered Level 4 of the Swamp
 46706 | Swamp:4  | Noticed a tentacled monstrosity
 46715 | Swamp:4  | Killed a tentacled monstrosity
 46880 | Swamp:4  | Noticed Bai Suzhen
 46905 | Swamp:4  | Killed Bai Suzhen
 47201 | Swamp:4  | Noticed a tentacled monstrosity
 47216 | Swamp:4  | Killed a tentacled monstrosity
 48019 | Swamp:4  | Reached XP level 19. HP: 169/181 MP: 28/28
 48144 | Swamp:4  | Got a decaying rune of Zot
 48684 | Vaults:1 | Entered Level 1 of the Vaults
 48820 | Vaults:1 | Noticed a lich
 48832 | Vaults:1 | Found the +8 glaive of the Guard {elec, +Rage AC+5 SInv}
 48880 | Vaults:1 | Killed a lich
 50937 | Vaults:2 | You fall into a shaft and drop 2 floors!
 51249 | Vaults:2 | Reached skill level 15 in Dodging
 51335 | Vaults:2 | Reached XP level 20. HP: 121/192 MP: 29/29
 54379 | Vaults:3 | Found a portal to a secret trove of treasure.
 54992 | Vaults:3 | Found a staircase to the Crypt.
 55359 | Vaults:4 | Found Rouduon's Food Shoppe.
 55393 | Vaults:4 | Reached XP level 21. HP: 170/202 MP: 30/30
 59206 | Depths:1 | Entered Level 1 of the Depths
 59519 | Depths:1 | Found a gateway to a bazaar.
 59545 | Bazaar   | Entered a bazaar
 59545 | Bazaar   | Found Tipnauje's Magic Scroll Shoppe.
 59545 | Bazaar   | Found Muocvut's Antique Armour Shoppe.
 59545 | Bazaar   | Found Tipnauje's Book Emporium.
 59547 | Bazaar   | Found Biwi's Armour Emporium.
 59561 | Bazaar   | Bought a scroll of identify for 38 gold pieces
 59561 | Bazaar   | Bought a scroll of identify for 38 gold pieces
 59561 | Bazaar   | Bought a scroll of enchant weapon for 142 gold pieces
 59561 | Bazaar   | Bought a scroll of enchant armour for 142 gold pieces
 59561 | Bazaar   | Bought a scroll of identify for 38 gold pieces
 59561 | Bazaar   | Bought a scroll of identify for 38 gold pieces
 59561 | Bazaar   | Bought a scroll of identify for 38 gold pieces
 59561 | Bazaar   | Bought a scroll of enchant armour for 142 gold pieces
 59561 | Bazaar   | Bought a scroll of identify for 38 gold pieces
 59564 | Bazaar   | Bought a pair of glowing gloves for 142 gold pieces
 59665 | Depths:1 | Reached skill level 1 in Slings
 59833 | Depths:1 | Found a gateway to Hell.
 60525 | Depths:1 | Identified the +10 war axe of the Feather {drain, rPois}
 60847 | Depths:1 | Found a one-way gate to the infinite horrors of the Abyss.
 61461 | Depths:2 | Reached XP level 22. HP: 212/212 MP: 31/31
 61492 | Depths:2 | Identified Rihol's Incunabulum of Bewitching Displacement
 61860 | Depths:2 | Reached skill level 5 in Slings
 62442 | Depths:3 | Noticed a golden dragon
 62457 | Depths:3 | Killed a golden dragon
 63161 | Depths:3 | Found a snail-covered altar of Cheibriados.
 63199 | Depths:3 | Noticed a juggernaut
 63199 | Depths:3 | Identified the +5 rapier of Ixutemac {distort, rN+++ Str+2
                  | Stlth+}
 63224 | Depths:3 | Identified the cursed +3 quick blade of Indomitability
                  | {flame, SInv}
 63224 | Depths:3 | Identified the +11 rapier of the End {elec, rElec Int+3}
 63244 | Depths:3 | Noticed Leposok's ghost (adept DDFi)
 63254 | Depths:3 | Identified the +4 morningstar of the Sea {antimagic, rC+
                  | MR+}
 63294 | Depths:3 | You fall into a shaft and drop 2 floors!
 63294 | Depths:5 | Entered Level 5 of the Depths
 63302 | Depths:5 | Paralysed by a floating eye for 3 turns
 63475 | Depths:3 | Found a transporter.
 63477 | Depths:3 | Found a transporter.
 63477 | Depths:3 | Found a bloodstained altar of Trog.
 63855 | Depths:3 | Found a one-way gate leading to the halls of Pandemonium.
 64236 | Depths:4 | Found a gateway to a ziggurat.
 64650 | Depths:4 | Identified the +7 hunting sling of Ylukho Buha {venom, +Inv
                  | +Fly rPois Str-4}
 66152 | Depths:5 | Got a fine silver ring
 66153 | Depths:5 | Identified the ring "Iraytunt" {*Corrode rN++ AC+4 Dex+2
                  | SInv} (You found it on level 5 of the Depths)
 66395 | Depths:5 | Noticed Saint Roka
 66396 | Depths:5 | Identified the ring "Fouf" {rPois rC+ Str+2 Dex+4 SInv}
 66644 | Depths:5 | Found a gate to the Realm of Zot.
 66675 | Depths:5 | Reached XP level 23. HP: 220/222 MP: 32/32
 66910 | Depths:4 | Killed Saint Roka
 67755 | Depths:5 | Identified the cursed ring of Kelet {rElec EV-5 Str-5
                  | Dex+3}
 68222 | Depths:5 | Found Ranyeji's Book Emporium.
 69083 | Snake:4  | Bought a shiny shield for 217 gold pieces
 69083 | Snake:4  | Bought a pitted buckler for 275 gold pieces
 69103 | Snake:4  | Identified the +1 buckler of Spring Thaw {+Fly} (You bought
                  | it in a shop on level 4 of the Snake Pit)
 69641 | Vaults:5 | Entered Level 5 of the Vaults
 70417 | Vaults:4 | Reached skill level 10 in Slings
 71108 | Vaults:5 | Found Mysem's Weapon Emporium.
 71116 | Vaults:5 | Reached XP level 24. HP: 233/233 MP: 32/32
 71171 | Vaults:5 | Identified the +1 buckler "Puithesk" {MR- rCorr Str+6
                  | Dex+2} (You found it on level 5 of the Vaults)
 71221 | Vaults:5 | Got a warped flail
 71224 | Vaults:5 | Identified the +9 flail of Aciow {flame, *Corrode rF+ SInv}
                  | (You found it on level 5 of the Vaults)
 71601 | Vaults:5 | Got a vibrating silver ring
 71760 | Vaults:5 | Found Saustoxkor's Food Shop.
 71773 | Vaults:5 | Found Hekhlef's Magic Scroll Shoppe.
 72085 | Vaults:5 | Bought a scroll of identify for 24 gold pieces
 72085 | Vaults:5 | Bought a scroll of identify for 24 gold pieces
 72085 | Vaults:5 | Bought a scroll of identify for 24 gold pieces
 72085 | Vaults:5 | Identified the ring of the Distant Future {rElec rC- MR+
                  | rCorr} (You found it on level 5 of the Vaults)
 72135 | Vaults:5 | Found Hejyveih's Magic Scroll Shoppe.
 72139 | Vaults:5 | Bought a scroll of identify for 38 gold pieces
 72139 | Vaults:5 | Bought 2 scrolls of magic mapping for 133 gold pieces
 72139 | Vaults:5 | Bought a scroll of identify for 38 gold pieces
 72139 | Vaults:5 | Bought a scroll of magic mapping for 66 gold pieces
 72148 | Vaults:5 | Found Giczubops's Distillery.
 72155 | Vaults:5 | Bought a potion of heal wounds for 75 gold pieces
 72178 | Vaults:5 | Bought a scroll of acquirement for 988 gold pieces
 72178 | Vaults:5 | Bought a scroll of identify for 38 gold pieces
 72178 | Vaults:5 | Bought a scroll of identify for 38 gold pieces
 72179 | Vaults:5 | Identified the -1 hat of the Chupacabra {rF+} (You acquired
                  | it on level 5 of the Vaults)
 72224 | Vaults:5 | Found Bewott's Magic Scroll Boutique.
 72237 | Vaults:5 | Found Lyweku Oteiv's Magic Scroll Emporium.
 72255 | Vaults:5 | Found Kudynin's Food Shop.
 72758 | Vaults:5 | Got a transparent amber ring
 72759 | Vaults:5 | Identified the ring "Wiurch" {Wiz *Drain rElec Int+3} (You
                  | found it on level 5 of the Vaults)
 72819 | Vaults:5 | Got a silver rune of Zot
 73676 | Elf:1    | Entered Level 1 of the Elven Halls
 74537 | Elf:1    | Noticed Frances
 74543 | Elf:1    | Killed Frances
 74949 | Elf:1    | Got a wavering lead amulet
 75079 | Elf:1    | Identified the amulet "Xupro" {Gourm rF+ Str+3 Slay+3 SInv}
                  | (You found it on level 1 of the Elven Halls)
 76755 | Elf:2    | Found a runed translucent gate.
 77156 | Elf:2    | Found a runed translucent gate.
 77160 | Elf:2    | Found a runed translucent gate.
 77602 | Elf:2    | Reached XP level 25. HP: 243/243 MP: 32/32
 77720 | Elf:3    | Entered Level 3 of the Elven Halls
 78223 | Elf:3    | Identified the ring of the Monkey {rF+ Int+6 Slay+2}
 78829 | Elf:3    | Identified the +7 bardiche of the Harvest {elec, rN+ Str+3}
 78846 | Elf:3    | Gained mutation: Your skin changes colour to match your
                  | surroundings (Stealth+). [a neqoxec]
 78848 | Elf:3    | Gained mutation: You are frail. (-10% HP) [a neqoxec]
 78854 | Elf:3    | Gained mutation: You occasionally shout uncontrollably at
                  | your foes. [a neqoxec]
 80218 | Zot:1    | Entered Level 1 of the Realm of Zot
 81335 | Zot:1    | You fall into a shaft and drop 1 floor!
 81567 | Zot:1    | Reached XP level 26. HP: 199/228 MP: 32/32
 81999 | Zot:2    | Noticed an orb of fire
 82010 | Zot:2    | Gained mutation: Potions are less effective at restoring
                  | your health. [an orb of fire]
 82016 | Zot:2    | Gained mutation: You are very frail. (-20% HP) [an orb of
                  | fire]
 82020 | Zot:2    | Killed an orb of fire
 83331 | Zot:3    | Got a faintly glowing ruby amulet
 83369 | Zot:3    | Identified the amulet "Qialure" {+Rage Str+4} (You found it
                  | on level 3 of the Realm of Zot)
 84809 | Zot:5    | Entered Level 5 of the Realm of Zot
 85496 | Temple   | Fell from the grace of the Shining One
 85496 | Temple   | Became a worshipper of Zin the Law-Giver
 85496 | Temple   | Reached * piety under Zin
 85496 | Temple   | Reached ** piety under Zin
 85496 | Temple   | Reached *** piety under Zin
 85496 | Temple   | Reached **** piety under Zin
 85496 | Temple   | Reached ***** piety under Zin
 85765 | Slime:1  | Entered Level 1 of the Pits of Slime
 86266 | Slime:3  | Reached XP level 27. HP: 211/212 MP: 30/32
 87007 | Slime:5  | Entered Level 5 of the Pits of Slime
 87282 | Slime:5  | Noticed the Royal Jelly
 87309 | Slime:5  | Killed the Royal Jelly
 88164 | Slime:5  | Identified the ring of Afeew {Wiz *Drain rElec rC+ Int+3}
                  | (You found it on level 5 of the Pits of Slime)
 88210 | Slime:5  | Identified the ring "Damnable Contraption" {rPois MP+9}
                  | (You found it on level 5 of the Pits of Slime)
 88262 | Slime:5  | Reached ****** piety under Zin
 88267 | Slime:5  | Got a slimy rune of Zot
 88269 | Slime:5  | Identified the amulet "Roic" {Reflect Dex-4 Slay+3 SH+3
                  | Stlth+} (You found it on level 5 of the Pits of Slime)
 88730 | Vaults:3 | You showed the slimy rune of Zot to enter a treasure trove
 88731 | Trove    | Entered a treasure trove
 88738 | Trove    | Got a pair of scorched boots
 88741 | Trove    | Found the +1 cloak of Starlight {rElec rC+ EV+4 Stlth--}
 88746 | Trove    | Got a slimy plate armour
 88754 | Trove    | Got a warped plate armour
 88756 | Trove    | Got an ichor-stained large shield
 88760 | Trove    | Got a pair of spiked boots
 88762 | Trove    | Got a pair of distressingly furry boots
 88773 | Vaults:3 | Identified the -2 pair of boots of Xom's Generosity {Dex+2}
                  | (You found it in a treasure trove)
 88774 | Vaults:3 | Identified the +11 plate armour of Words of Power {+Inv rN+
                  | Int+2 Dex+4} (You found it in a treasure trove)
 88776 | Vaults:3 | Identified the +1 plate armour "Ovoid" {rElec} (You found
                  | it in a treasure trove)
 88777 | Vaults:3 | Identified the +0 large shield "Riem" {Str+4 Stlth+} (You
                  | found it in a treasure trove)
 88778 | Vaults:3 | Identified the +3 pair of boots of Zireugeu {+Blink rF+
                  | MP+9 Stlth+} (You found it in a treasure trove)
 88779 | Vaults:3 | Identified the -5 pair of boots "Qofakimi" {*Slow rN+
                  | Str+3} (You found it in a treasure trove)
 88780 | Vaults:3 | Identified a +1 pair of boots of running (You found it in a
                  | treasure trove)
 90189 | Zot:5    | Lost mutation: You occasionally shout uncontrollably at
                  | your foes. [potion of mutation]
 90189 | Zot:5    | Lost mutation: You are very frail. (-20% HP) [potion of
                  | mutation]
 90190 | Zot:5    | Lost mutation: Potions are less effective at restoring your
                  | health. [potion of mutation]
 90190 | Zot:5    | Lost mutation: You are frail. (-10% HP) [potion of
                  | mutation]
 90190 | Zot:5    | Lost mutation: Your spells are a little easier to cast, but
                  | a little less powerful. [potion of mutation]
 90915 | Zot:5    | Noticed an orb of fire
 90965 | Zot:5    | Killed an orb of fire
 90987 | Zot:5    | Noticed an ancient lich
 91003 | Zot:5    | Noticed an ancient lich
 91013 | Zot:5    | Noticed an orb of fire
 91039 | Zot:5    | Killed an orb of fire
 91043 | Zot:5    | Killed an ancient lich
 91057 | Zot:5    | Killed an ancient lich
 91057 | Zot:5    | Reached skill level 15 in Invocations
 91062 | Zot:5    | Noticed an orb of fire
 91076 | Zot:5    | Killed an orb of fire
 91076 | Zot:5    | Noticed an orb of fire
 91088 | Zot:5    | Killed an orb of fire
 91534 | Zot:5    | Noticed an ancient lich
 91561 | Zot:5    | Killed an ancient lich
 91575 | Zot:5    | Noticed an ancient lich
 91586 | Zot:5    | Killed an ancient lich
 91602 | Zot:5    | Noticed an ancient lich
 91615 | Zot:5    | Killed an ancient lich
 91817 | Zot:5    | Noticed an ancient lich
 91827 | Zot:5    | Killed an ancient lich
 92158 | Zot:5    | Noticed an ancient lich
 92172 | Zot:5    | Killed an ancient lich
 93232 | Snake:2  | Bought a potion of haste for 360 gold pieces
 93259 | Snake:4  | Bought a wand of digging (5) for 180 gold pieces
 93265 | Snake:4  | Bought a wand of digging (5) for 270 gold pieces
 93265 | Snake:4  | Bought a wand of digging (6) for 300 gold pieces
 94528 | Zot:5    | Got the Orb of Zot
 94736 | Depths:3 | Noticed Ogylag the pandemonium lord
 94805 | Depths:1 | Noticed Qucyl the pandemonium lord
 95053 | D:4      | Noticed Asozxor the pandemonium lord
 95171 | D:$      | Escaped with the Orb!

Levels and vault maps discovered:
D:1:      dpeg_arrival_court, layout_rooms, minmay_tromino_mix6
D:2:      layout_basic, first_ration, uniq_robin, uniq_sigmund, uniq_terence
D:3:      layout_rooms, nicolae_dithmenos_shadow_blocks
D:4:      layout_cave_pods, vehumet_altar_wand_db, overflow_temple_1_default
D:5:      kb_forest_paths, layout_basic, minmay_temple_entry_enclosed_plants,
          minmay_gold_behind_fungi, uniq_edmund, uniq_grinder
D:6:      layout_loops_corners, nicolae_ru_path_of_blood, basic_altar,
          st_stairs_4
D:7:      layout_loops_ring, lemuel_crystal_altar, uniq_joseph, uniq_pikel
D:8:      layout_basic, serial_shops, nicolae_shop_stone, uniq_erica
D:9:      layout_cave_pods, grunt_temple_overflow_open, minmay_lair_entry_grove,
          uniq_psyche
D:10:     layout_long_grid, hangedman_fish_farm
D:11:     layout_roguey, minivault_7
D:12:     lemuel_traditional_vault, layout_loops_corners, orc_david_3
D:13:     cheibrodos_ideogram_h, layout_long_grid,
          hangedman_abyss_or_decor_slice, uniq_rupert
D:14:     layout_loops_ring, hangedman_vaults_entry_quadrant_bands, tso_altar,
          minmay_misc_feat_diagonals, uniq_snorg
D:15:     gammafunk_depths_entry_grave, layout_gridville, minmay_variable_closet
Temple:   zaba_magenta_temple
Lair:1:   layout_cave_pods, st_stairs_7, hangedman_lair_generics_rect,
          minmay_lair_oklob_chamber
Lair:2:   layout_regular_city, swamp_mist
Lair:3:   layout_roguey, basic_altar
Lair:4:   layout_gridlike, minmay_snake_entry_guardpost_small, ice2_lemuel,
          infiniplex_staircase_pool, serial_bayou_shore_a, uniq_josephine,
          uniq_nergalle
Lair:5:   layout_gridlike, slime_altar_1, gauntlet_entry_generic, special_room
          [special_room_mythical_zoo], grunt_megastairs_5
Lair:6:   gammafunk_lair_ancient_temple, layout_regular_city,
          grunt_forest_small_clearing_treed
Swamp:1:  layout_falls_marsh, nicolae_swamp_trees_clearing, swamp_pool2,
          uniq_jorgrun, uniq_nikola, uniq_roxanne
Swamp:2:  layout_basic_swamp, hangedman_swamp_ruin_wall
Swamp:3:  layout_basic_swamp, hangedman_swamp_pad
Swamp:4:  swamp_vile, layout_basic_swamp, swamp_pool4, hangedman_swamp_cone,
          uniq_bai_suzhen
Snake:1:  layout_chambers, grunt_ministairs_15, uniq_aizul, uniq_agnes
Snake:2:  layout_chambers, serial_shops, shop_coins, minmay_shoptagon,
          serial_bayou_shore_b, uniq_vashnia, uniq_asterion
Snake:3:  layout_rooms, uniq_kirke
Snake:4:  snake_pit, layout_onion, serial_shops,
          nicolae_shop_overgrown_old_shop, minmay_shop_grove, lemuel_fruit_tree,
          uniq_mara
Slime:1:  layout_caves
Slime:2:  layout_caves
Slime:3:  layout_caves
Slime:4:  cheibrodos_slime_lost_civilization_1, layout_caves
Slime:5
Orc:1:    layout_caves
Orc:2:    st_orc_congregation, layout_diamond_mine, nicolae_orc_stony_grotto,
          trog_book
Elf:1:    eino_elf_arrival_shootout, layout_geoelf_octagon, evilmike_minifort,
          uniq_frances
Elf:2:    layout_loops_cross, serial_sigils_hangedman_carve, grunt_ministairs_11
Elf:3:    grunt_elf_hall_branching, layout_loops_corners, drop_trap,
          grunt_ministairs_10
Vaults:1: minmay_guarded_unrand_guard_vaults, vaults_room_pools,
          ontoclasm_vaults_eye, nicolae_vaults_network_s, v_misc_28, v_misc_18,
          nicolae_vaults_alarming, v_misc_28, grunt_vaults_hallway_short,
          vaults_room_pool, layout_vaults_chaotic_city
Vaults:2: v_misc_30, vaults_standard_mumra_x, ontoclasm_vaults_fault,
          dpeg_vaults_monster_row, ontoclasm_vaults_ligature,
          nicolae_vaults_three_branches, vaults_dpeg_diagonal, v_pattern_5,
          nicolae_vaults_what_the_h, layout_vaults_omnibox, mu_enter_wizlab_4
Vaults:3: nicolae_vaults_angled_halls, grunt_vaults_funnel,
          nicolae_vaults_know_your_exits, nicolae_vaults_network_barrier,
          nicolae_vaults_shelves_hall, v_alt_pattern_4,
          nicolae_vaults_little_squares_2, v_rooms_5, hangedman_vaults_maws,
          nicolae_vaults_little_squares_5, vaults_dpeg_encased_lava,
          vaults_room_door_ring, minmay_crypt_entry_skeletal_spiral,
          nicolae_vaults_diagonal_hallway_7, ontoclasm_vaults_ring_small,
          nicolae_vaults_mini_display_case, layout_vaults_maze_bifur,
          enter_trove_2
Vaults:4: hangedman_vaults_restitches, vaults_mumra_hex, grunt_vaults_diagonal,
          v_rooms_5, nicolae_vaults_little_squares_5, vaults_dpeg_doors,
          st_lattice, ontoclasm_vaults_chip, vaults_room_corners,
          nicolae_vaults_rhombus_6, layout_vaults_quadrants, serial_shops,
          shop_statue
Vaults:5
Depths:1: minmay_expanding_squares, layout_gridlike,
          abyss_entry_small_statue_room, hell_entry, serial_shops,
          bzr_entry_safe, kennysheep_generic_room_5
Depths:2: onia_ninara_swampy_vault, layout_basic, pf_vacation_house_of_asmodeus,
          kennysheep_generic_room_14, firewood_loft, infiniplex_staircase_spiral
Depths:3: kennysheep_funnel, layout_cave_shapes, hell_entry,
          rand_demon_pan_entry_4, gammafunk_ghost_wrathful_warriors,
          cheibriados_altar_1
Depths:4: minmay_the_grid_square_5x5_3x3
          [minmay_the_grid_square_5x5_sharp_hourglass,
          minmay_the_grid_square_5x5_bite, minmay_the_grid_square_5x5_slash,
          minmay_the_grid_square_5x5_hollow_slash,
          minmay_the_grid_square_5x5_megaprize_diamond,
          minmay_the_grid_square_5x5_pentomino_r,
          minmay_the_grid_square_5x5_moneybag,
          minmay_the_grid_square_5x5_gyroscope,
          minmay_the_grid_square_5x5_longway], layout_gridlike,
          enter_ziggurat_e, minmay_hedge_maze, hell_entry, abyss_entry,
          kennysheep_small_square
Depths:5: hangedman_spin_cycle, pan_entry, abyss_entry, hell_entry
Zot:1:    layout_onion, st_single_dragon_hoard_3, st_small_dragon_hoard_1
Zot:2:    layout_gridlike
Zot:3:    layout_misc_corridors
Zot:4:    layout_twisted_circle
Zot:5:    layout_misc_corridors

Skill      XL: |  1  2  3  4  5  6  7  8  9 10 11 12 13 14 15 16 17 18 19 20 21 22 23 24 25 26 27 |
---------------+----------------------------------------------------------------------------------+-----
Axes           | 3 4 |  4.9
Maces & Flails | 1 5 7 10 12 13 | 13.7
Invocations    | 2 4 5 6 7 8 9 10 11 12 13 14 19 | 19.1
Armour         | 4 5 7 9 11 12 14 15 17 18 19 20 21 22 23 24 25 26 | 26.2
Fighting       | 4 5 7 9 11 12 14 15 17 18 19 20 21 22 23 24 25 26 | 26.2
Shields        | 4 5 7 9 11 13 14 15 16 17 18 19 20 21 22 23 24 | 24.0
Dodging        | 1 4 5 7 8 9 11 12 13 15 16 17 18 19 20 21 22 | 22.4
Evocations     | 4 5 6 |  6.0
Slings         | 4 8 10 12 14 | 14.0

Action                   |  1- 3 |  4- 6 |  7- 9 | 10-12 | 13-15 | 16-18 | 19-21 | 22-24 | 25-27 || total
-------------------------+-------+-------+-------+-------+-------+-------+-------+-------+-------++-------
Melee: War axe           |    45 |       |       |       |       |       |       |       |       ||    45
       Headbutt          |    10 |    26 |    56 |   101 |   303 |   463 |   559 |   594 |   602 ||  2714
       Mace              |    14 |   134 |   113 |       |       |       |       |       |       ||   261
       Flail             |       |       |   185 |   604 |  1478 |  1674 |       |       |       ||  3941
       Sacred scourge    |       |       |       |       |       |   424 |  1945 |  1861 |  1593 ||  5823
 Fire: Hunting sling     |       |       |       |     7 |       |       |       |   326 |   336 ||   669
       Fustibalus        |       |       |       |       |       |       |   103 |   124 |       ||   227
Throw: Javelin           |       |       |       |       |     1 |       |     6 |       |    11 ||    18
Invok: Divine Shield     |       |       |       |     3 |     2 |     2 |       |       |       ||     7
       Summon Divine War |       |       |       |       |     4 |    12 |       |     2 |       ||    18
       Cleansing Flame   |       |       |       |       |       |     2 |       |       |       ||     2
       Brand Weapon With |       |       |       |       |       |     1 |       |       |       ||     1
       Imprison          |       |       |       |       |       |       |       |       |     9 ||     9
       Donate Gold       |       |       |       |       |       |       |       |       |     1 ||     1
       Recite            |       |       |       |       |       |       |       |       |     4 ||     4
Evoke: Wand              |       |     4 |       |    18 |     8 |       |       |       |    10 ||    40
       Phantom mirror    |       |       |       |       |       |     1 |       |       |       ||     1
       Lightning rod     |       |       |       |       |       |       |     4 |       |       ||     4
       Fan of gales      |       |       |       |       |       |       |     1 |       |       ||     1
  Use: Potion            |       |       |     2 |     4 |     8 |     4 |       |       |     8 ||    26
       Scroll            |       |       |       |    17 |    17 |    18 |    11 |    22 |    27 ||   112
 Stab: Distracted        |       |       |       |       |       |       |       |       |     1 ||     1
  Eat: Chunk             |     1 |     9 |    14 |    17 |    41 |    39 |    31 |    43 |    26 ||   221
       Ration            |       |       |       |     2 |     1 |     8 |     4 |     5 |     6 ||    26
Armor: Scale mail        |    25 |    19 |       |       |       |       |       |       |       ||    44
       Plate armour      |       |    10 |   129 |   257 |   592 |   640 |   397 |   154 |    41 ||  2220
       Gold dragon scale |       |       |       |       |       |       |       |   275 |   336 ||   611
Dodge: Dodged            |    21 |    19 |    39 |   120 |   300 |   496 |   432 |   487 |   645 ||  2559
Block: Shield            |    49 |    66 |   108 |   266 |  1030 |  1644 |  1182 |  1222 |   791 ||  6358
       Reflection        |       |       |       |       |    41 |   168 |   150 |    71 |     5 ||   435
       Large shield      |       |       |       |       |       |       |       |       |   280 ||   280

Table legend:
 A = Non-vault XP
 B = Vault XP
 C = Vault XP percentage of total XP
 D = Non-vault monster count
 E = Vault monster count
 F = Vault count percentage of total count
                 A         B        C        D         E       F
            +---------+---------+-------+---------+---------+-------
      Total |  920177 |  850640 |  48.0 |    1685 |     947 |  36.0
            +---------+---------+-------+---------+---------+-------
        D:1 |      31 |      54 |  63.5 |      17 |      13 |  43.3
        D:2 |      97 |     237 |  71.0 |      21 |       3 |  12.5
        D:3 |      91 |       0 |   0.0 |      21 |       0 |   0.0
        D:4 |     231 |     279 |  54.7 |      10 |       2 |  16.7
        D:5 |     725 |     242 |  25.0 |      26 |       5 |  16.1
        D:6 |    1569 |      43 |   2.7 |      29 |       1 |   3.3
        D:7 |    1132 |    1127 |  49.9 |      25 |       2 |   7.4
        D:8 |    1199 |    2519 |  67.8 |      25 |       9 |  26.5
        D:9 |    3189 |     698 |  18.0 |      27 |       5 |  15.6
       D:10 |    3001 |     309 |   9.3 |      27 |       1 |   3.6
       D:11 |    5220 |    1397 |  21.1 |      32 |      18 |  36.0
       D:12 |    7828 |   12794 |  62.0 |      56 |      36 |  39.1
       D:13 |    8802 |    6729 |  43.3 |      41 |      25 |  37.9
       D:14 |   14007 |   10272 |  42.3 |      44 |      23 |  34.3
       D:15 |    9191 |    4735 |  34.0 |      30 |       8 |  21.1
     Lair:1 |    4660 |    1747 |  27.3 |      19 |       9 |  32.1
     Lair:2 |    5547 |       0 |   0.0 |      20 |       0 |   0.0
     Lair:3 |    7403 |    1287 |  14.8 |      22 |       3 |  12.0
     Lair:4 |    5889 |    4491 |  43.3 |      14 |      17 |  54.8
     Lair:5 |    6522 |    8473 |  56.5 |      21 |      27 |  56.2
     Lair:6 |   12491 |    7637 |  37.9 |      31 |      18 |  36.7
    Swamp:1 |    4469 |    5421 |  54.8 |      11 |       2 |  15.4
    Swamp:2 |   16813 |       0 |   0.0 |      42 |       0 |   0.0
    Swamp:3 |    9693 |       0 |   0.0 |      29 |       0 |   0.0
    Swamp:4 |   20521 |   26758 |  56.6 |      44 |      32 |  42.1
    Snake:1 |   14596 |    4027 |  21.6 |      30 |       4 |  11.8
    Snake:2 |   11444 |   11586 |  50.3 |      24 |      10 |  29.4
    Snake:3 |   22985 |     313 |   1.3 |      46 |       2 |   4.2
    Snake:4 |   17196 |   31059 |  64.4 |      28 |      42 |  60.0
    Slime:1 |    9389 |       0 |   0.0 |      21 |       0 |   0.0
    Slime:2 |    4593 |       0 |   0.0 |      10 |       0 |   0.0
    Slime:3 |   17196 |       0 |   0.0 |      26 |       0 |   0.0
    Slime:4 |    6588 |       0 |   0.0 |      15 |       0 |   0.0
    Slime:5 |    8746 |   30196 |  77.5 |      16 |      11 |  40.7
      Orc:1 |    6835 |       0 |   0.0 |      25 |       0 |   0.0
      Orc:2 |    5783 |   11207 |  66.0 |      45 |      73 |  61.9
      Elf:1 |   21009 |   13729 |  39.5 |      31 |      19 |  38.0
      Elf:2 |   35739 |   25085 |  41.2 |      57 |      32 |  36.0
      Elf:3 |   28591 |   51372 |  64.2 |      47 |      35 |  42.7
   Vaults:1 |   22199 |   25367 |  53.3 |      41 |      39 |  48.8
   Vaults:2 |   49560 |   17900 |  26.5 |      80 |      25 |  23.8
   Vaults:3 |   35035 |   21882 |  38.4 |      56 |      39 |  41.1
   Vaults:4 |   60496 |   66475 |  52.4 |     102 |      66 |  39.3
   Vaults:5 |   19800 |   81503 |  80.5 |      26 |      52 |  66.7
   Depths:1 |   37854 |   22619 |  37.4 |      41 |      21 |  33.9
   Depths:2 |   24644 |   16351 |  39.9 |      34 |      22 |  39.3
   Depths:3 |   19774 |    2645 |  11.8 |      26 |       2 |   7.1
   Depths:4 |   27578 |   29323 |  51.5 |      30 |      22 |  42.3
   Depths:5 |   12171 |   85646 |  87.6 |       7 |     117 |  94.4
      Zot:1 |   64480 |   10259 |  13.7 |      38 |       3 |   7.3
      Zot:2 |   71932 |       0 |   0.0 |      35 |       0 |   0.0
      Zot:3 |   29513 |       0 |   0.0 |      16 |       0 |   0.0
      Zot:4 |   40604 |       0 |   0.0 |      23 |       0 |   0.0
      Zot:5 |   43526 |  190614 |  81.4 |      25 |      44 |  63.8
   Gauntlet |       0 |    4233 | 100.0 |       0 |       8 | 100.0
            +---------+---------+-------+---------+---------+-------
